 Dungeon Crawl Stone Soup version 0.22-a0-812-g4c1e2d5471 (webtiles) character file.

2865 GordonOverkill the Thaumaturge (level 9, -6/68 HPs)
             Began as a Mummy Necromancer on July 23, 2018.
             Was a Believer of Kikubaaqudgha.
             Mangled by an orc warrior
             ... wielding a +0 trident
              (13 damage)
             ... on level 8 of the Dungeon.
             The game lasted 00:22:46 (8685 turns).

GordonOverkill the Thaumaturge (Mummy Necromancer)  Turns: 8685, Time: 00:22:46

Health: -6/68      AC:  8    Str: 15    XL:     9   Next: 47%
Magic:  25/30      EV: 12    Int: 17    God:    Kikubaaqudgha [**....]
Gold:   538        SH:  0    Dex: 12    Spells: 16/25 levels left

rFire    x . .     SeeInvis +   a - +2 whip (venom)
rCold    + . .     Gourm    .   (no shield)
rNeg     + + +     Faith    .   l - +1 leather armour {MR+}
rPois    ∞         Spirit   .   d - +1 helmet {SInv}
rElec    .         Reflect  .   (no cloak)
rCorr    .         Harm     .   (no gloves)
MR       ++...                  c - +1 pair of boots
Stlth    ++........             i - amulet of the acrobat
HPRegen  0.21/turn              o - ring of magical power
MPRegen  0.22/turn              k - +3 ring of strength

@: no status effects
A: no food or potions, fire vulnerability, cold resistance 1, negative energy
resistance 3, torment resistance, unbreathing
a: Receive Corpses, Renounce Religion


You were on level 8 of the Dungeon.
You worshipped Kikubaaqudgha.
Kikubaaqudgha was pleased with you.
You were not hungry.

You visited 2 branches of the dungeon, and saw 9 of its levels.

You collected 538 gold pieces.

Inventory:

Hand Weapons
 a - a +2 whip of venom (weapon)
 b - a +0 trident
Missiles
 g - 13 tomahawks (quivered)
Armour
 c - a +1 pair of boots (worn)
 d - a +1 helmet of see invisible (worn)
 l - a +1 leather armour of magic resistance (worn)
 s - a +0 buckler
Jewellery
 f - an uncursed ring of see invisible
 i - an amulet of the acrobat (around neck)
 k - a +3 ring of strength (right hand)
 o - a ring of magical power (left hand)
 r - an uncursed ring of flight
Wands
 n - a wand of iceblast (15)
 q - a wand of random effects (46)
 t - a wand of digging (7)
Scrolls
 e - 3 scrolls of magic mapping
 h - 6 scrolls of identify
 m - a scroll of remove curse
 p - a scroll of fear
 v - 4 scrolls of teleportation


   Skills:
 - Level 5.0 Fighting
 - Level 2.0 Dodging
 - Level 2.0 Stealth
 + Level 3.4 Shields
 + Level 8.8 Spellcasting
 + Level 8.1 Necromancy
 + Level 3.7 Evocations


You had 16 spell levels left.
You knew the following spells:

 Your Spells              Type           Power        Failure   Level  Hunger
a - Pain                  Necr           ####         1%          1    N/A
b - Animate Skeleton      Necr           N/A          1%          1    N/A
c - Vampiric Draining     Necr           #####.....   1%          3    N/A
d - Animate Dead          Necr           N/A          4%          4    N/A

Your spell library contained the following spells:

 Spells                   Type           Power        Failure   Level  Hunger
 Magic Dart               Conj           #...         12%         1    N/A
 Conjure Flame            Conj/Fire      #.......     34%         3    N/A
 Slow                     Hex            #.......     19%         2    N/A
 Mephitic Cloud           Conj/Pois/Air  #.......     34%         3    N/A
 Blink                    Tloc           N/A          19%         2    N/A
 Call Imp                 Summ           #.......     19%         2    N/A
 Regeneration             Chrm/Necr      ###.......   7%          3    N/A
 Corpse Rot               Necr           N/A          1%          2    N/A

Dungeon Overview and Level Annotations

Branches:
Dungeon (8/15)             Temple (1/1) D:4
   Lair: D:8-11

Altars:
Cheibriados
Dithmenos
Elyvilon
Fedhas
Gozag
Kikubaaqudgha
Makhleb
Qazlal
Ru
Sif Muna
Trog
Vehumet
Wu Jian
Xom
Yredelemnul
Zin

Shops:
D:4 =   D:8 !


Innate Abilities, Weirdness & Mutations

You do not eat or drink.
Your flesh is vulnerable to fire.
You are immune to poison.
Your flesh is cold resistant. (rC+)
You are immune to negative energy. (rN+++)
You are immune to unholy pain and torment.
You can survive without breathing.


Message History

Beogh smites you!
The orc warrior hits you with a trident!
* * * LOW HITPOINT WARNING * * *
You are too injured to fight recklessly!
You are too injured to fight recklessly!
You are too injured to fight recklessly!
Casting: Animate Dead (safe; 4% risk of failure)
Confirm with . or Enter, or press ? or * to list all spells.
Aiming: Vampiric Draining (safe; 1% risk of failure)
Press: ? - help, Shift-Dir - straight line, f - orc warrior
Aim: an orc warrior, wielding a trident and wearing a chain mail (poisoned)
The orc warrior is moderately wounded.
You feel life coursing into your body.
The orc priest invokes the aid of Beogh against you.
Beogh smites you!
* * * LOW HITPOINT WARNING * * *
The orc hits your adder skeleton with a club.
The orc warrior hits you with a trident!
You die...
Kikubaaqudgha rasps: "You have failed me!
Welcome... oblivion!"

#(###.###.##.#.. .#
#........... #<#
#..#####..## #.# #..#
#..# .......# #..#
#o###.## #..# #.# #.
#.># #########o###.#
#..## .....oo@ZZ....#
#....
#########.##########.###
#............#
##############


You could see an orc warrior, an orc priest, an orc, a friendly worker ant
zombie and a friendly adder skeleton.

Vanquished Creatures
  Eustachio (D:4)
  2 black bears
  A sky beast (D:6)
  3 ogres
  2 centaurs (D:7)
  A big kobold (D:7)
  2 bullfrogs (D:8)
  2 gnoll sergeants
  2 scorpions (D:5)
  4 killer bees (D:7)
  2 howler monkeys
  2 vampire bats (D:4)
  A jelly (D:6)
  3 hounds
  An orc priest (D:6)
  2 orc wizards (D:6)
  A bullfrog skeleton (D:5)
  Terence (D:3)
  2 worker ants
  A killer bee zombie (D:7)
  10 gnolls
  7 adders
  An ooze (D:1)
  2 adder skeletons
  3 worms (D:2)
  4 dart slugs
  2 leopard geckos (D:2)
  12 orcs
  3 ball pythons
  2 giant cockroaches
  9 goblins
  11 hobgoblins
  18 jackals
  5 quokkas
  19 bats
  6 frilled lizards
  13 kobolds
  A leopard gecko skeleton (D:5)
  A quokka skeleton (D:6)
  5 rats
170 creatures vanquished.

Vanquished Creatures (collateral kills)
  A two-headed ogre (D:8)
  A black bear (D:7)
  An ogre (D:8)
  A scorpion (D:4)
  A crimson imp (D:5)
  2 leopard geckos
  3 jackals
  2 kobolds (D:6)
  A quokka (D:5)
  A jackal skeleton (D:8)
14 creatures vanquished.

Grand Total: 184 creatures vanquished

Notes
Turn   | Place    | Note
-------+----------+-------------------------------------------
     0 | D:1      | GordonOverkill the Mummy Necromancer began the quest for the Orb.
     0 | D:1      | Reached XP level 1. HP: 13/13 MP: 4/4
   244 | D:1      | Reached XP level 2. HP: 20/20 MP: 2/5
   634 | D:1      | Reached skill level 1 in Fighting
   634 | D:1      | Reached XP level 3. HP: 17/26 MP: 0/7
   747 | D:1      | Learned a level 1 spell: Animate Skeleton
   751 | D:1      | Learned a level 3 spell: Vampiric Draining
  1175 | D:1      | Reached XP level 4. HP: 20/32 MP: 0/9
  1607 | D:2      | Learned a level 4 spell: Animate Dead
  2091 | D:2      | Found a basalt altar of Yredelemnul.
  2320 | D:2      | Reached XP level 5. HP: 38/38 MP: 9/11
  2585 | D:2      | Found a shimmering altar of Xom.
  2827 | D:3      | Found a shadowy altar of Dithmenos.
  2827 | D:3      | Found a radiant altar of Vehumet.
  2828 | D:3      | Found a burning altar of Makhleb.
  2828 | D:3      | Found a snail-covered altar of Cheibriados.
  3188 | D:3      | Noticed Terence
  3201 | D:3      | Killed Terence
  4103 | D:4      | Found a white marble altar of Elyvilon.
  4111 | D:4      | Reached skill level 5 in Necromancy
  4210 | D:4      | Found a staircase to the Ecumenical Temple.
  4227 | Temple   | Entered the Ecumenical Temple
  4246 | Temple   | Became a worshipper of Kikubaaqudgha
  4498 | D:4      | Found a bloodstained altar of Trog.
  4501 | D:4      | Found a deep blue altar of Sif Muna.
  4632 | D:4      | Found Noazommo's Jewellery Boutique.
  4641 | D:4      | Reached XP level 6. HP: 46/47 MP: 13/13
  4710 | D:4      | Noticed Eustachio
  4733 | D:4      | Killed Eustachio
  4733 | D:4      | Reached skill level 5 in Spellcasting
  4949 | D:4      | Reached XP level 7. HP: 31/53 MP: 13/15
  5479 | D:5      | Entered Level 5 of the Dungeon
  5590 | D:5      | Reached * piety under Kikubaaqudgha
  5590 | D:5      | Identified Kikubaaqudgha's Incunabulum of Evil (Kikubaaqudgha gifted it to you on level 5 of the Dungeon)
  5590 | D:5      | Received a gift from Kikubaaqudgha
  6224 | D:6      | Reached skill level 1 in Evocations
  6224 | D:6      | Reached XP level 8. HP: 58/61 MP: 18/18
  6726 | D:6      | Reached skill level 1 in Shields
  7500 | D:7      | Reached ** piety under Kikubaaqudgha
  7500 | D:7      | Reached skill level 5 in Fighting
  7830 | D:7      | Noticed an air elemental
  7835 | D:7      | Found a stormy altar of Qazlal.
  7997 | D:7      | Reached XP level 9. HP: 68/68 MP: 21/21
  8436 | D:8      | Noticed a two-headed ogre
  8445 | D:8      | Killed a two-headed ogre
  8625 | D:8      | Found Attux's Distillery.
  8685 | D:8      | Mangled by an orc warrior

Vault maps used:
D:1:      dpeg_arrival_shelter
D:2:      cheibrodos_old_hovel, lemuel_round_altar, lemuel_doored_altar,
          st_stairs_11
D:3:      chequers_temple_overflow_statue_of_worship, roderic_serpentine_path,
          uniq_terence
D:4:      elyvilon_altar_5, minitemple, minmay_temple_entry_statues_fountains,
          serial_shops, nicolae_shop_behind_doors, roderic_batcave,
          uniq_eustachio
D:5:      first_ration
D:7:      nicolae_qazlal_style_of_elements
D:8:      kennysheep_steamy, serial_shops, shop, nicolae_shop_statue_plus,
          kennysheep_mini_moat, shop
Temple:   nicolae_temple_hex_pool

Skill      XL: |  1  2  3  4  5  6  7  8  9 |
---------------+----------------------------+-----
Spellcasting   | 3 4 5 7 8 |  8.8
Fighting       | 1 2 3 4 5 |  5.0
Stealth        | 2 |  2.0
Dodging        | 2 |  2.0
Necromancy     | 5 6 7 8 |  8.1
Evocations     | 1 2 3 |  3.7
Shields        | 2 3 |  3.4

Action                   |  1- 3 |  4- 6 |  7- 9 || total
-------------------------+-------+-------+-------++-------
Melee: Unarmed           |     5 |       |       ||     5
       Club              |     2 |       |       ||     2
       Dagger            |     8 |       |       ||     8
       Whip              |       |    66 |   182 ||   248
Throw: Tomahawk          |     1 |       |       ||     1
 Cast: Pain              |    69 |   129 |   112 ||   310
       Animate Skeleton  |       |    18 |    24 ||    42
       Vampiric Draining |       |     7 |    24 ||    31
       Animate Dead      |       |     1 |    13 ||    14
  Use: Scroll            |     6 |     3 |     5 ||    14
 Stab: Sleeping          |       |     1 |     1 ||     2
       Distracted        |       |       |     1 ||     1
Armor: Robe              |     5 |       |       ||     5
       Leather armour    |     1 |    55 |   114 ||   170
Dodge: Dodged            |    23 |    94 |   193 ||   310

Table legend:
 A = Spawn XP
 B = Non-spawn XP
 C = Spawn XP percentage of total XP
 D = Spawn monster count
 E = Non-spawn monster count
 F = Spawn count percentage of total count
 G = Total turns spent on level
                    A         B        C        D         E        F      G
               +---------+---------+-------+---------+---------+-------+---------
         Total |       0 |    4093 |   0.0 |       0 |     184 |   0.0 |  8685
               +---------+---------+-------+---------+---------+-------+---------
           D:1 |       0 |     128 |   0.0 |       0 |      40 |   0.0 |  1615
           D:2 |       0 |      79 |   0.0 |       0 |      27 |   0.0 |  1133
           D:3 |       0 |      70 |   0.0 |       0 |      18 |   0.0 |  1312
           D:4 |       0 |     665 |   0.0 |       0 |      25 |   0.0 |  1380
           D:5 |       0 |     407 |   0.0 |       0 |      15 |   0.0 |   624
           D:6 |       0 |     581 |   0.0 |       0 |      21 |   0.0 |  1008
           D:7 |       0 |    1132 |   0.0 |       0 |      29 |   0.0 |  1194
           D:8 |       0 |    1031 |   0.0 |       0 |       9 |   0.0 |   380
               +---------+---------+-------+---------+---------+-------+---------
